 Dungeon Crawl Stone Soup version 0.30-b1-2-g02819fbbbe (webtiles) character file.

Game seed: 13963165444209950612

16 Alarkh the Shooter (level 2, 22/22 HPs)
             Began as a Demonspawn Hunter on May 23, 2023.
             Got out of the dungeon alive.
             The game lasted 00:00:27 (274 turns).

Alarkh the Shooter (Demonspawn Hunter)               Turns: 274, Time: 00:00:28

Health: 22/22      AC:  5    Str: 11    XL:     2   Next: 41%
Magic:  2/2        EV: 11    Int: 10    God:
Gold:   53         SH:  0    Dex: 16    Spells: 1/1 levels left

rFire   . . .        a - +0 shortbow
rCold   . . .        (shield currently unavailable)
rNeg    . . .        c - +0 leather armour
rPois   .            (no helmet)
rElec   .            (no cloak)
rCorr   .            (no gloves)
SInv    .            (no boots)
Will    .....        (no amulet)
Stlth   +            (no ring)
HPRegen 0.23/turn    (no ring)
MPRegen 0.08/turn

%: no passive effects
@: no status effects
A: icy blue scales 1
a: no special abilities


You escaped.
You visited 1 branch of the dungeon, and saw 1 of its levels.

You collected 53 gold pieces.

Inventory:

Hand Weapons
 a - a +0 shortbow (weapon)
Armour
 c - a +0 leather armour (worn)
Scrolls
 b - a scroll of immolation
 f - a scroll of identify {unknown}
 g - a scroll of poison {unknown}
Potions
 d - a potion of lignification {unknown}
 e - a potion of might {unknown}
 h - a potion of attraction {unknown}


   Skills:
 - Level 2.0 Fighting
 + Level 4.2 Ranged Weapons
 - Level 1.7 Dodging
 - Level 0.8 Stealth


You had one spell level left.
You didn't know any spells.
Your spell library was empty.

Dungeon Overview and Level Annotations

Branches:
Dungeon (1/15)

Altars:


Innate Abilities, Weirdness & Mutations

You are partially covered in icy blue scales. (AC +2)


Message History

No target in view!
No target in view!
No target in view!
There is an open door, spattered with blood here.
Things that are here:
a +0 dagger; a goblin corpse
Things that are here:
a +3 dagger; a goblin corpse
Found a leather armour.
A goblin comes into view. It is wielding a +0 dagger.
You see here 8 gold pieces.
You shoot an arrow. The arrow closely misses the goblin.
The goblin shouts!
You shoot an arrow. The arrow hits the goblin.
The goblin is moderately wounded.
You shoot an arrow. The arrow hits the goblin!
You kill the goblin!
No target in view!
No target in view!
No target in view!
No target in view!
No target in view!
No target in view!
No target in view!
No target in view!
No target in view!
You now have 53 gold pieces (gained 8).
h - a glowing inky potion You see here a +0 dagger.
Found 14 gold pieces.
There is an open door here.
There is an open door here.
There is an open door here.
There is an open door here.
There is an open door here.
There is an open door here.
There is an open door here.
There is a staircase leading out of the dungeon here.
Are you sure you want to leave the Dungeon?
This will make you lose the game!
You have escaped!

######.....#########........
#####...................########
......#################...##
......#...#...#...#...##...###
......'...'.⌠.'...#...'..#...####
......#...#...#...#...######.....
......##'###########'## #......
...####...#...#...#...# #......
...'#.'...#...'.@.#...# #......
...'#.#...#...#...#...# #......
......##'###'###'###'## #......
......#...#...#...#...#####......
......#...#...#...#...#...##.....
......#...#...#...#...#...##.....
####.###'#######'###'##...##.....
#.##...#...#...#...#....))....
#..#...'...+...'...##..##.....


There were no monsters in sight!

Vanquished Creatures
  A dart slug (D:1)
  2 ball pythons (D:1)
  2 bats (D:1)
  An endoplasm (D:1)
  4 goblins (D:1)
  A hobgoblin (D:1)
  A frilled lizard (D:1)
  A kobold (D:1)
  A rat (D:1)
14 creatures vanquished.

Notes
Turn   | Place    | Note
-------+----------+-------------------------------------------
     0 | D:1      | Alarkh the Demonspawn Hunter began the quest for the Orb.
     0 | D:1      | Reached XP level 1. HP: 16/16 MP: 1/1
   163 | D:1      | Reached skill level 4 in Ranged Weapons
   163 | D:1      | Gained mutation: You are partially covered in icy blue
                  | scales. (AC +2) [demonic ancestry]
   163 | D:1      | Reached XP level 2. HP: 22/22 MP: 2/2
   274 | D:$      | Got out of the dungeon alive.

Illustrated notes

Levels and vault maps discovered:
D:1:      co_arrival_random_square_maze, layout_basic

Skill      XL: |  1 |
---------------+----+-----
Ranged Weapons | 4 |  4.2
Fighting       | |  2.0
Dodging        | |  1.7
Stealth        | |  0.8

Action                     || total
---------------------------++-------
   Fire: Shortbow          ||    25
 Armour: Leather armour    ||     3
  Dodge: Dodged            ||     4
